 Dungeon Crawl Stone Soup version 0.27.1-33-g824d729ab1 (webtiles) character file.

Game seed: 16167356898954151603

1 Descartes the Skirmisher (level 1, 0/12 HPs)
             Began as a Felid Wanderer on Nov 29, 2021.
             Slain by a rat (3 damage)
             ... on level 1 of the Dungeon.
             The game lasted 00:00:43 (46 turns).

Descartes the Skirmisher (Felid Wanderer)             Turns: 46, Time: 00:00:43

Health: 0/12       AC:  1    Str: 10    XL:     1   Next: 16%
Magic:  3/3        EV: 15    Int: 11    God:
Gold:   0          SH:  0    Dex: 15    Spells: 1/2 levels left
                                        Lives:  0   Deaths: 0

rFire    . . .     SeeInvis +   (weapon unavailable)
rCold    . . .     Faith    .   (shield unavailable)
rNeg     . . .     Spirit   .   (armour unavailable)
rPois    .         Reflect  .   (helmet unavailable)
rElec    .         Harm     .   (cloak unavailable)
rCorr    .         Rampage  .   (gloves unavailable)
Will     .....                  (boots unavailable)
Stlth    ++........             (no amulet)
HPRegen  0.04/turn              (no ring)
MPRegen  0.08/turn              (no ring)

@: quick
A: very small, claws 1, fangs 3, see invisible, speed 1, shaggy fur 1, stealthy
paws, no weapons or thrown items, no armour, multi-lived
a: no special abilities


You were on level 1 of the Dungeon.
You visited 1 branch of the dungeon, and saw 1 of its levels.

Inventory:

Scrolls
 a - a scroll of teleportation
 b - a scroll of identify {unknown}


   Skills:
 - Level 5.0 Fighting
 + Level 0.3 Dodging
 - Level 1.3 Stealth
 + Level 0.2 Unarmed Combat
 - Level 1.0 Spellcasting
 - Level 1.0 Necromancy
 - Level 1.0 Poison Magic
 - Level 1.1 Evocations


You had one spell level left.
You knew the following spells:

 Your Spells              Type           Power      Damage    Failure   Level
a - Apportation           Tloc           0%         N/A       32%         1

Your spell library contained the following spells:

 Spells                   Type           Power      Damage    Failure   Level
 Lesser Beckoning         Tloc           0%         N/A       67%         3


Dungeon Overview and Level Annotations

Branches:
Dungeon (1/15)

Altars:


Innate Abilities, Weirdness & Mutations

You have sharp claws.
You have razor-sharp teeth.
You have supernaturally acute eyesight. (SInv)
You cover ground quickly. (Speed+)
You are covered in fur. (AC +1)
Your paws help you pounce on unaware monsters.
You are incapable of wielding weapons or throwing items.
You cannot wear armour.
You gain extra lives every three experience levels.


Message History

Found a scroll labelled HEULUMIONU.
b - a scroll labelled HEULUMIONU You open the gate.
There is an open gate here.
A bat comes into view.
The bat hits you.
You barely miss the bat. The bat closely misses you. The bat misses you.
You closely miss the bat. The bat hits you.
You scratch the bat.
The bat is severely wounded.
The bat barely misses you.
A hobgoblin comes into view.
The bat barely misses you. The bat misses you.
You closely miss the bat.
The bat is heavily wounded.
The bat hits you. The bat barely misses you. The bat closely misses you.
You scratch the bat.
You kill the bat!
A hobgoblin is nearby!
The hobgoblin shouts!
A rat comes into view.
The hobgoblin barely misses you.
You scratch the hobgoblin but do no damage.
Your bite misses the hobgoblin.
The hobgoblin hits you but does no damage.
You completely miss the hobgoblin. The hobgoblin misses you.
You barely miss the hobgoblin. Your bite misses the hobgoblin.
A hobgoblin comes into view.
The hobgoblin hits you.
You barely miss the hobgoblin.
The hobgoblin shouts!
The hobgoblin hits you but does no damage.
You barely miss the hobgoblin. Your bite misses the hobgoblin.
The hobgoblin hits you.
* * * LOW HITPOINT WARNING * * *
The rat bites you.
You die...

#...###...# #..#
##...#...##
......#...#...# #
##..##.##.....## #.
...##.##.....# #.
#..##.###...## #..
#.......#...#
#...##..##.#.#...#
#...g@.......#'''# #
#....r.......#...#....
#....g.....#..........
###..#######..........
.... #.......... ###..
#.......... #..
........... ...
............
..#..........


You could see 2 hobgoblins and a rat.

Vanquished Creatures
  A bat (D:1)
1 creature vanquished.

Notes
Turn   | Place    | Note
-------+----------+-------------------------------------------
     0 | D:1      | Descartes the Felid Wanderer began the quest for the Orb.
     0 | D:1      | Descartes set off with the following items: a scroll of
                  | teleportation; and the following spell memorised:
                  | Apportation; and the following spells available to
                  | memorise: Lesser Beckoning
     0 | D:1      | Reached XP level 1. HP: 12/12 MP: 3/3
    46 | D:1      | Slain by a rat

Illustrated notes

Levels and vault maps discovered:
D:1:      lemuel_arrival_funnel, layout_basic, lemuel_another_geyser

Action                   || total
-------------------------++-------
Melee: Unarmed           ||    10
Armor: Skin              ||     2
Dodge: Dodged            ||     9
